 Dungeon Crawl Stone Soup version 0.31.0-32-g396128a36d (webtiles) character file.

Game seed: 12794399371232251709

4 spaghetti the Caller (level 1, -1/15 HPs)
             Began as a Naga Summoner on Mar 8, 2024.
             Slain by a jackal (2 damage)
             ... on level 1 of the Dungeon.
             The game lasted 00:00:28 (237 turns).

spaghetti the Caller (Naga Summoner)                 Turns: 237, Time: 00:00:29

Health: -1/15      AC:  1    Str: 10    XL:     1   Next: 70%
Magic:  0/3        EV:  9    Int: 15    God:
Gold:   9          SH:  0    Dex: 11    Spells: 3/4 levels left

rFire   . . .        (no weapon)
rCold   . . .        (no shield)
rNeg    . . .        a - +0 robe
rPois   +            (no helmet)
rElec   .            (no cloak)
rCorr   .            (no gloves)
SInv    +            (no barding)
Will    .....        (no amulet)
Stlth   ++           (no ring)
HPRegen 0.22/turn    (no ring)
MPRegen 0.08/turn

%: no passive effects
@: short of breath, very slightly contaminated, very slow
A: AC +0, large, see invisible, deformed body, poison resistance, slowness 2,
spit poison 1, naga tail 1
a: Spit Poison


You were on level 1 of the Dungeon.
You visited 1 branch of the dungeon, and saw 1 of its levels.

You collected 9 gold pieces.

Inventory:

Armour
 a - a +0 robe (worn)
Potions
 b - a potion of magic
 c - a potion of haste {unknown}
 d - a potion of heal wounds {unknown}


   Skills:
 - Level 1.5 Dodging
 - Level 3.0 Stealth
 + Level 2.2 Spellcasting
 + Level 4.1 Summonings


You had 3 spell levels left.
You knew the following spells:

 Your Spells              Type           Power      Damage    Failure   Level
a - Summon Small Mammal   Summ           56%        N/A       4%          1

Your spell library contained the following spells:

 Spells                   Type           Power      Damage    Failure   Level
 Call Imp                 Summ           28%        N/A       6%          2
 Call Canine Familiar     Summ           14%        N/A       12%         3
 Summon Blazeheart Golem  Fire/Summ      7%         N/A       67%         4
 Summon Lightning Spire   Summ/Air       7%         N/A       67%         4


Dungeon Overview and Level Annotations

Branches:
Dungeon (1/15)

Altars:


Innate Abilities, Weirdness & Mutations

Your serpentine skin is tough. (AC +0)
You have supernaturally acute eyesight. (SInv)
Armour fits poorly on your strangely shaped body.
Your system is resistant to poisons. (rPois)
You cover ground very slowly.
You can spit poison.
You have a snake-like lower body.


Message History

A jackal comes into view.
Found 12 gold pieces.
The jackal barely misses your bat.
Your bat hits the jackal but does no damage.
Okay, then.
You barely miss the jackal. The jackal bites you.
Your rat bites the jackal but does no damage.
The jackal bites you.
You closely miss the jackal.
Your bat hits the jackal but does no damage.
The jackal barely misses your bat.
Your bat closely misses the jackal.
Your rat barely misses the jackal.
The jackal bites your bat but does no damage.
Your bat misses the jackal.
Casting: Summon Small Mammal (safe; 4% risk of failure)
Confirm with . or Enter, or press ? or * to list all spells.
You miscast Summon Small Mammal.
You are very lightly contaminated with residual magic.
Nothing appears to happen.
Your bat hits the jackal.
Your bat barely misses the jackal.
Your rat barely misses the jackal.
Your bat hits the jackal. The jackal barely misses you.
You closely miss the jackal.
The jackal is lightly wounded.
Your bat closely misses the jackal.
The jackal barely misses you.
The jackal bites you. x2; Your rat barely misses the jackal.
The jackal bites you but does no damage.
The jackal closely misses you.
You barely miss the jackal.
The jackal is lightly wounded.
The jackal bites you. The jackal barely misses you. The jackal bites you.
Your rat bites the jackal.
Your bat hits the jackal.
Aiming: Spit Poison (3% risk of failure)
Press: ? - help, Shift-Dir - straight line, f - jackal
Aim: a jackal (43% to hit)
The splash of poison misses the jackal.
Your bat barely misses the jackal.
The jackal bites you.
* * * LOW HITPOINT WARNING * * *
Your bat completely misses the jackal.
The jackal bites you.
* * * LOW HITPOINT WARNING * * *
The jackal bites you.
You die...

.##################
...........hhb...^#
#.#.#..# #@hh....#
#......# #r#....$.
.###....###.# ####.
............#
#########..#####
#.......#....).####.#.#
#####.#..##.........#
#.....##.##..####.###
#.###.....#..##..


You could see 4 jackals, a friendly bat (summoned) and a friendly rat
(summoned).

Vanquished Creatures
  2 hobgoblins (D:1)
  A kobold (D:1)
  A frilled lizard (D:1)
4 creatures vanquished.

Notes
Turn   | Place    | Note
-------+----------+-------------------------------------------
     0 | D:1      | spaghetti the Naga Summoner began the quest for the Orb.
     0 | D:1      | Reached XP level 1. HP: 15/15 MP: 3/3
   237 | D:1      | Slain by a jackal

Illustrated notes

Levels and vault maps discovered:
D:1:      psy_arrival_basics, layout_basic, fountainhead,
          wander_ebering_terrifying_dragon_lair

Action                     || total
---------------------------++-------
  Melee: Unarmed           ||    19
   Cast: Summon Small Mamm ||     6
Ability: Spit Poison       ||     5
   Stab: Sleeping          ||     1
 Armour: Robe              ||    23
  Dodge: Dodged            ||    12
